 Dungeon Crawl Stone Soup version 0.30-a0-414-gcb316572d5 (webtiles) character file.

Game seed: 6509751264784624217

47 Nerdsrcool the Magician (level 3, -1/25 HPs)
             Began as a Djinni Earth Elementalist on Dec 7, 2022.
             Slain by an adder (3 damage)
             ... on level 3 of the Dungeon.
             The game lasted 00:04:35 (1146 turns).

Nerdsrcool the Magician (Djinni Earth Elementalist) Turns: 1146, Time: 00:04:36

Health: -1/25      AC:  2    Str:  9    XL:     3   Next: 97%
Gold:   99         EV: 12    Int: 16    God:
                   SH:  0    Dex: 13

rFire   + + .      SeeInvis .    c - +0 club
rCold   x . .      Faith    .    (no shield)
rNeg    . . .      Spirit   .    a - +0 robe
rPois   ∞          Reflect  .    (no helmet)
rElec   .          Harm     .    h - scarf {+Inv}
rCorr   .          Rampage  .    (no gloves)
Will    .....                    (boots unavailable)
Stlth   ++........               (no amulet)
HPRegen 0.24/turn                (no ring)
MPRegen 0.00/turn                (no ring)

@: flying
A: sickness immunity, fire resistance 2, cold vulnerability 1, float, innate
caster, HP casting, extra vitality 1
a: Evoke Invisibility


You were on level 3 of the Dungeon.
You visited 1 branch of the dungeon, and saw 3 of its levels.

You collected 99 gold pieces.

Inventory:

Hand Weapons
 c - a +0 club (weapon)
 m - a +0 dagger of flaming
Missiles
 i - 3 poisoned darts
Armour
 a - a +0 robe (worn)
 h - a scarf of invisibility (worn)
Magical Staves
 k - a staff of cold
 l - a staff of death
Scrolls
 b - a scroll of enchant armour {unknown}
 d - a scroll of immolation {unknown}
 e - a scroll of torment {unknown}
 f - 3 scrolls of teleportation
 g - 4 scrolls of identify
 j - 2 scrolls of poison {unknown}


   Skills:
 + Level 2.2 Dodging
 + Level 1.7 Stealth
 + Level 3.5 Spellcasting


You couldn't memorise any spells.
You knew the following spells:

 Your Spells              Type           Power      Damage    Failure   Level
a - Sandblast             Erth           28%        2d8       4%          1
b - Passwall              Tmut/Erth      11%        N/A       6%          2
c - Stone Arrow           Conj/Erth      28%        3d8       13%         3
d - Petrify               Tmut/Erth      14%        N/A       38%         4
e - Summon Small Mammal   Summ           56%        N/A       4%          1
Your spell library was empty.

Dungeon Overview and Level Annotations

Branches:
Dungeon (3/15)

Altars:


Innate Abilities, Weirdness & Mutations

You are immune to sickness and miasma.
You are immune to poison.
Your flesh is very heat resistant. (rF++)
You are vulnerable to cold. (rC-)
You float through the air rather than walking.
You learn spells naturally, not from books.
Your magical power is your life essence.
You have superior vitality. (+4 MHP)


Message History

The orc closely misses you.
You begin to meditate on the wall.
You continue meditating on the rock.
The adder bites you.
* * * LOW HITPOINT WARNING * * *
You continue meditating on the rock.
The adder completely misses you. The orc closely misses you.
The adder bites you.
* * * LOW HITPOINT WARNING * * *
You continue meditating on the rock.
The adder closely misses you.
You finish merging with the rock.
A giant cockroach comes into view.
The adder attacks as you move away! The adder closely misses you.
The adder misses you. The adder attacks as you move away!
The adder barely misses you. The adder completely misses you.
The adder closely misses you. The adder attacks as you move away!
The adder bites you.
* * * LOW HITPOINT WARNING * * *
The adder barely misses you.
There is a stone staircase leading down here.
The adder bites you but does no damage.
You fly downwards.
There is a stone staircase leading up here.
You are too injured to fight recklessly!
Aiming: Sandblast (safe; 4% risk of failure)
Press: ? - help, Q - select action, (/) - cycle Shift-Dir - straight line, f - adder
Aim: an adder (70% to hit)
The blast of sand hits the adder.
The adder is moderately wounded.
* * * LOW HITPOINT WARNING * * *
The kobold shouts!
The adder closely misses you. The adder barely misses you.
As you read the scroll labelled QYIBAV VO FIC, it crumbles to dust.
It is a scroll of identify.
f - 3 scrolls of teleportation The adder bites you.
* * * LOW HITPOINT WARNING * * *
The adder bites you.
You die... # ###.####. #@SK..... ###.##### #

You could see an adder and a kobold.

Vanquished Creatures
  An adder (D:2)
  An orc (D:2)
  6 ball pythons
  3 bats
  2 endoplasms (D:2)
  3 giant cockroaches
  3 goblins
  3 hobgoblins (D:2)
  2 jackals (D:2)
  A quokka (D:2)
  2 frilled lizards (D:2)
  4 kobolds
  2 rats (D:1)
33 creatures vanquished.

Notes
Turn   | Place    | Note
-------+----------+-------------------------------------------
     0 | D:1      | Nerdsrcool the Djinni Earth Elementalist began the quest
                  | for the Orb.
     0 | D:1      | Nerdsrcool set off with the following spells memorised:
                  | Sandblast, Passwall, Stone Arrow, Petrify.
     0 | D:1      | Reached XP level 1. HP: 15/15 MP: 0/0
   221 | D:1      | Reached XP level 2. HP: 19/21 MP: 0/0
   710 | D:2      | Reached skill level 3 in Spellcasting
   720 | D:2      | Reached XP level 3. HP: 24/25 MP: 0/0
   720 | D:2      | Learned a level 1 spell: Summon Small Mammal
  1121 | D:2      | HP: 1/25 [adder (4)]
  1146 | D:3      | Slain by an adder

Illustrated notes

Levels and vault maps discovered:
D:1:      wander_arrival_estate, layout_basic, dk_noncrumbling_4
D:2:      layout_loops_cross, guppyfry_early_orc_mine, uniq_sigmund
D:3:      layout_basic, elyvilon_altar_4, nicolae_gozag_seed_capital

Skill      XL: |  1  2 |
---------------+-------+-----
Spellcasting   | 3 |  3.5
Dodging        | |  2.2
Stealth        | |  1.7

Action                   || total
-------------------------++-------
 Cast: Sandblast         ||    51
       Passwall          ||     1
  Use: Scroll            ||     1
Armor: Robe              ||     2
Dodge: Dodged            ||    19

Table legend: (Time is in decaauts)
 A = Elapsed time spent in this place.
 B = Non-inter-level travel time spent in this place.
 C = Inter-level travel time spent in this place.
 D = Time resting spent in this place.
 E = Time spent auto-exploring this place.
 F = Levels seen in this place.
 G = Mean time per level.
                   A        B        C        D        E       F      G
               +--------+--------+--------+--------+--------+-----+--------+
         Total |   1170 |   1170 |      0 |      0 |    913 |   3 |  390.0 |
       Dungeon |   1170 |   1170 |      0 |      0 |    913 |   3 |  390.0 |
               +--------+--------+--------+--------+--------+-----+--------+

Top non-repeatable levels by time:
     D:1: 643 daAuts
     D:2: 525 daAuts
     D:3: 2 daAuts
